 Dungeon Crawl Stone Soup version 0.29.1-14-g9c671dbff4 (webtiles) character file.

Game seed: 17389047590938043748

2095 tizbic2 the Poker (level 9, -7/48 HPs)
             Began as a Vine Stalker Fighter on Feb 16, 2023.
             Succumbed to a killer bee's poison
             ... on level 6 of the Dungeon.
             The game lasted 00:26:02 (4871 turns).

tizbic2 the Poker (Vine Stalker Fighter)            Turns: 4871, Time: 00:26:06

Health: -7/48      AC:  8    Str: 22    XL:     9   Next: 27%
Magic:  2/17       EV: 10    Int:  8    God:
Gold:   317        SH:  6    Dex: 15    Spells: 18/18 levels left

rFire   . . .      SeeInvis .   A - +3 war axe (vorpal)
rCold   . . .      Faith    .   c - +1 buckler
rNeg    . . .      Spirit   +   D - +0 acid dragon scales
rPois   .          Reflect  .   (no helmet)
rElec   .          Harm     .   v - +0 cloak
rCorr   +          Rampage  .   (no gloves)
Will    +....                   (no boots)
Stlth   +.........              e - amulet of magic regeneration
HPRegen 0.96/turn               (no ring)
MPRegen 0.55/turn               (no ring)

@: lethally poisoned (-7 -> -25)
A: fangs 3, regeneration 1, magic shield, antimagic bite, no potion heal 2
a: no special abilities


You were on level 6 of the Dungeon.
You visited 1 branch of the dungeon, and saw 7 of its levels.

You collected 379 gold pieces.
You spent 62 gold pieces at shops.

Inventory:

Hand Weapons
 j - a +2 hand axe of venom
 q - a +5 spectral falchion
 w - a +3 vampiric spear
 A - a +3 vorpal war axe (weapon)
 E - a +2 falchion of protection
Missiles
 f - 2 boomerangs of dispersal
 h - 31 stones (quivered)
 k - 6 poisoned darts
Armour
 c - a +1 buckler (worn)
 v - a +0 cloak (worn)
 x - a +0 scale mail of cold resistance
 D - +0 acid dragon scales (worn)
Magical Staves
 C - a staff of conjuration
Jewellery
 e - an amulet of magic regeneration (around neck)
Wands
 b - a wand of digging (7)
 y - a wand of polymorph (7)
 B - a wand of charming (17)
 F - a wand of mindburst (3)
Scrolls
 i - 3 scrolls of teleportation
 o - a scroll of poison
 r - a scroll of brand weapon
 t - 2 scrolls of vulnerability
 z - a scroll of amnesia
Potions
 a - 2 potions of lignification {unknown}
 d - 2 potions of might
 g - a potion of attraction
 l - 2 potions of brilliance {unknown}
 m - a potion of ambrosia
 n - 2 potions of curing
 p - 4 potions of invisibility
 s - 3 potions of cancellation
 u - 2 potions of flight {unknown}


   Skills:
 * Level 5.8 Fighting
 * Level 6.0 Polearms
 + Level 4.4 Armour
 + Level 4.8 Shields
 + Level 5.3 Spellcasting
 + Level 0.6 Conjurations


You had 18 spell levels left.
You didn't know any spells.
Your spell library contained the following spells:

 Spells                   Type           Power      Damage    Failure   Level
 Magic Dart               Conj           12%        1d3       30%         1
 Foxfire                  Conj/Fire      8%         2x1d4     36%         1
 Call Imp                 Summ           2%         N/A       54%         2
 Conjure Flame            Conj/Fire      2%         6-21      73%         3
 Mephitic Cloud           Conj/Pois/Air  2%         N/A       75%         3
 Frozen Ramparts          Ice            4%         1d1       77%         3
 Inner Flame              Hex/Fire       2%         N/A       77%         3
 Flame Wave               Conj/Fire      2%         2d4       98%         4
 Ice Form                 Ice/Tmut       2%         N/A       99%         4
 Summon Ice Beast         Ice/Summ       2%         N/A       99%         4


Dungeon Overview and Level Annotations

Branches:
Dungeon (7/15)             Temple (0/1) D:6

Altars:
Elyvilon
Gozag

Shops:
D:2 *   D:3 :   D:4 :


Innate Abilities, Weirdness & Mutations

You have razor-sharp teeth.
Your natural rate of healing is unusually fast.
When hurt, damage is shared between your health and your magic reserves.
Your bite disrupts and absorbs the magic of your enemies.
Potions cannot restore your health.


Message History

The killer bee stings you but does no damage.
You block the killer bee's attack. The killer bee stings you.
You are poisoned.
The killer bee poisons you! The killer bee stings you!
The killer bee stings you.
The killer bee stings you but does no damage.
The killer bee closely misses you. The killer bee barely misses you.
The killer bee stings you.
You closely miss the killer bee. Your bite misses the killer bee.
The killer bee is severely wounded.
You miss the killer bee. x2; You closely miss the killer bee.
You feel very sick.
You block the killer bee's attack. x2; The killer bee stings you!
You are more poisoned.
The killer bee poisons you! The killer bee barely misses you.
The killer bee stings you but does no damage.
The killer bee stings you!
You are more poisoned.
The killer bee poisons you!
The killer bee stings you but does no damage.
The killer bee closely misses you. The killer bee barely misses you.
The killer bee stings you!
* * * LOW HITPOINT WARNING * * *
You are lethally poisoned!
The killer bee poisons you!
The killer bee stings you but does no damage.
The killer bee closely misses you.
* * * LOW HITPOINT WARNING * * *
You feel very sick. The killer bee stings you!
* * * LOW HITPOINT WARNING * * *
The killer bee barely misses you. The killer bee stings you.
* * * LOW HITPOINT WARNING * * *
You are more poisoned.
The killer bee poisons you!
The killer bee stings you but does no damage.
The killer bee barely misses you. The killer bee completely misses you.
You block the killer bee's attack. x2
You climb upwards.
You die...

#.........# #+##
##<......#
#####.#######...##
#.##.##.# ##.#
##.....## #.# #
##..## ##.......##
#..
####....###.........#
#..
.........['.........+
....
###[....[##.........#
#...
#......###...y.y.#
#..## #.#...##
##...@.## #.#####
##.yy## ##.# ##'##
#..# #.# #.## #.# #.#
##.## #.#
########...#### #.#
#..............# #.#
#.######........


You could see 4 killer bees.

Vanquished Creatures
  Sigmund (D:4)
  A steam dragon (D:5)
  Eustachio (D:4)
  An acid dragon (D:6)
  A water moccasin (D:6)
  A black bear (D:5)
  Pargi (D:3)
  3 phantoms
  A bullfrog (D:6)
  A scorpion (D:4)
  5 wights (D:6)
  A howler monkey (D:5)
  2 gnoll boudas
  2 hounds
  2 orc priests (D:5)
  A jelly (D:6)
  2 iguanas
  4 orc wizards
  3 gnolls (D:6)
  8 adders
  2 white imps (D:4)
  3 ufetubi (D:4)
  2 worms
  2 dart slugs
  23 orcs
  7 endoplasms
  6 giant cockroaches
  6 goblins
  8 hobgoblins
  4 jackals (D:2)
  11 kobolds
  2 quokkas
  5 ball pythons
  5 bats
  3 frilled lizards
  10 rats
141 creatures vanquished.

Vanquished Creatures (others)
  4 demonic plants (D:4)
4 creatures vanquished.

Grand Total: 145 creatures vanquished

Notes
Turn   | Place    | Note
-------+----------+-------------------------------------------
     0 | D:1      | tizbic2 the Vine Stalker Fighter began the quest for the
                  | Orb.
     0 | D:1      | Reached XP level 1. HP: 11/11 MP: 2/2
   220 | D:1      | Reached skill level 2 in Polearms
   220 | D:1      | Reached XP level 2. HP: 6/16 MP: 1/3
   491 | D:1      | Found a faded altar of an unknown god.
   491 | D:1      | Noticed a great orb of eyes
   505 | D:1      | Noticed a great orb of eyes
   505 | D:1      | Noticed a floating eye
   505 | D:1      | Noticed a great orb of eyes
   583 | D:1      | Reached skill level 1 in Spellcasting
   673 | D:1      | Reached XP level 3. HP: 19/19 MP: 5/5
  1134 | D:2      | Found Vizxan's Assorted Antiques.
  1142 | D:2      | Bought 2 inky potions for 30 gold pieces
  1142 | D:2      | Bought a scroll labelled RUTSABB MAKO for 17 gold pieces
  1142 | D:2      | Bought a bubbling white potion for 15 gold pieces
  1560 | D:2      | Gained mutation: Your natural rate of healing is unusually
                  | fast. [Vine Stalker growth]
  1560 | D:2      | Reached XP level 4. HP: 23/23 MP: 7/7
  1753 | D:3      | Noticed Pargi
  1788 | D:3      | Killed Pargi
  1789 | D:3      | Reached skill level 3 in Polearms
  1789 | D:3      | Reached XP level 5. HP: 9/28 MP: 3/9
  1812 | D:3      | Found Ripeqox's Book Shop.
  2266 | D:4      | Reached XP level 6. HP: 30/32 MP: 9/11
  2377 | D:4      | Noticed Eustachio
  2408 | D:4      | Killed Eustachio
  2498 | D:4      | Reached XP level 7. HP: 34/36 MP: 13/13
  2616 | D:4      | Reached skill level 4 in Polearms
  2756 | D:4      | Noticed Sigmund
  2764 | D:4      | Killed Sigmund
  2765 | D:4      | Gained mutation: You have razor-sharp teeth. [Vine Stalker
                  | growth]
  2765 | D:4      | Reached XP level 8. HP: 42/42 MP: 15/15
  2779 | D:4      | Found Dalaapa's Book Boutique.
  2855 | D:4      | Found a white marble altar of Elyvilon.
  3232 | D:5      | Entered Level 5 of the Dungeon
  3383 | D:5      | Reached skill level 5 in Polearms
  3451 | D:5      | Found an opulent altar of Gozag.
  3597 | D:5      | Reached skill level 5 in Fighting
  3967 | D:6      | Reached skill level 5 in Spellcasting
  3970 | D:6      | Reached XP level 9. HP: 30/47 MP: 11/17
  4720 | D:6      | Found a staircase to the Ecumenical Temple.
  4823 | D:6      | Reached skill level 6 in Polearms
  4870 | D:7      | HP: 1/48 [killer bee (2)]
  4871 | D:6      | Succumbed to a killer bee's poison

Illustrated notes

Levels and vault maps discovered:
D:1:      nzn_arrival_crosshair, layout_rooms,
          hellmonk_ecumenical_altar_watching_god
D:2:      layout_loops_cross, serial_shops, nicolae_shop_trees
D:3:      layout_rooms, serial_shops, shop, serial_bayou, serial_bayou_pond_e,
          serial_bayou_ford_a, serial_bayou_pond_a, serial_bayou_lagoon_a,
          kennysheep_generic_room_9, uniq_pargi
D:4:      minmay_recursive_quarters, layout_basic, elyvilon_altar_3,
          serial_demonic, serial_demonic_c, serial_demonic_f, serial_demonic_c,
          serial_demonic_f, serial_shops, nicolae_shop_statue_plus,
          uniq_sigmund, uniq_eustachio
D:5:      layout_loops_ring, lemuel_doored_altar
D:6:      layout_loops_corners, mainiacjoe_overflow_alcove_2,
          minmay_temple_entry_from_below_b
D:7:      layout_rooms

Skill      XL: |  1  2  3  4  5  6  7  8  9 |
---------------+----------------------------+-----
Polearms       | 2 3 4 5 6 |  6.0
Spellcasting   | 1 2 3 4 5 |  5.3
Shields        | 3 4 |  4.8
Fighting       | 3 4 5 |  5.8
Armour         | 3 4 |  4.4
Conjurations   | |  0.6

Action                   |  1- 3 |  4- 6 |  7- 9 || total
-------------------------+-------+-------+-------++-------
Melee: Trident           |    87 |       |       ||    87
       Bite              |    22 |    42 |    66 ||   130
       Spear             |    34 |   158 |   198 ||   390
       Short sword       |     4 |       |       ||     4
       Falchion          |       |     3 |    36 ||    39
       Hand axe          |       |       |     3 ||     3
       War axe           |       |       |     3 ||     3
Throw: Stone             |     1 |       |     6 ||     7
  Use: Scroll            |     4 |     6 |     9 ||    19
       Potion            |       |       |     2 ||     2
Armor: Scale mail        |    64 |    64 |    45 ||   173
       Chain mail        |       |       |     3 ||     3
       Acid dragon scale |       |       |    15 ||    15
Dodge: Dodged            |    67 |    76 |   108 ||   251
Block: Buckler           |    24 |    32 |    76 ||   132
